 Dungeon Crawl Stone Soup version 0.20-a0-2-g2b0e13a (console) character file.

60682 brucemayne the Severer (level 14, -10/108 HPs)
             Began as a Demonspawn Berserker on Oct 29, 2016.
             Was a High Priest of Trog.
             Killed from afar by a spriggan druid (21 damage)
             ... with a stone arrow
             ... on level 4 of the Swamp.
             The game lasted 00:58:56 (8419 turns).

brucemayne the Severer (Demonspawn Berserker)       Turns: 8419, Time: 00:58:57

Health: -10/108    AC: 23    Str: 28    XL:     14   Next: 57%
Magic:  0/14       EV:  9    Int:  9    God:    Trog [*****.]
Gold:   892        SH:  0    Dex: 12    Spells: 0 memorised, 13 levels left

rFire  . . .     SeeInvis .     L - +1 executioner's axe (vamp)
rCold  . . .     Gourm    .     E - +1 plate armour {rPois}
rNeg   + . .     Faith    .     (shield currently unavailable)
rPois  +         Spirit   +     M - +0 helmet (curse)
rElec  .         Reflect  .     Y - +1 cloak {rPois}
rCorr  .         Harm     .     (no gloves)
MR     ++...                    (boots unavailable)
Stlth  ..........               N - amulet of guardian spirit
                                w - ring of protection from magic
                                B - ring "Meho" {+Fly rPois rN+}

@: mighty, sanguine armour
A: hooves 3, powered by death 2, powered by pain 2, sanguine armour 1
a: Berserk, Trog's Hand, Brothers in Arms, Burn Spellbooks, Renounce Religion,
Evoke Flight


You were on level 4 of the Swamp.
You worshipped Trog.
Trog was extremely pleased with you.
You were not hungry.

You visited 5 branches of the dungeon, and saw 25 of its levels.

You collected 1473 gold pieces.
You spent 581 gold pieces at shops.

Inventory:

Hand Weapons
 g - the +9 battleaxe "Hit Hunoe" {speed, rPois MR+++ Str+5 Dex-3}
   (You found it on level 4 of the Swamp)

   Attacks with this weapon are significantly faster.
   It affects your strength (+5).
   It affects your dexterity (-3).
   It protects you from poison.
   It affects your resistance to hostile enchantments.
 v - a +0 blowgun
 A - the +8 whip "Snakebite" {curare, rPois}
   (You found it on level 4 of the Lair of Beasts)

   It poisons the flesh of those it strikes.
   It protects you from poison.
 L - a +1 vampiric executioner's axe (weapon)
 W - a +1 antimagic broad axe
Missiles
 d - 10 curare-tipped needles
 i - 31 poisoned needles
 p - 2 throwing nets (quivered)
Armour
 E - a +1 plate armour of poison resistance (worn)
 M - a cursed +0 helmet (worn)
 Y - a +1 cloak of poison resistance (worn)
Jewellery
 w - a ring of protection from magic (right hand)
 B - the ring "Meho" (left hand) {+Fly rPois rN+}
   (You bought it in a shop on level 2 of the Orcish Mines)

   [ring of flight]

   It protects you from poison.
   It protects you from negative energy.
   It lets you fly.
 C - an uncursed amulet of magic regeneration
 N - an amulet of guardian spirit (around neck)
Wands
 l - a wand of iceblast (3/15)
 u - a wand of polymorph (10/24)
 y - a wand of paralysis (22/24)
 G - a wand of enslavement (19/24)
 J - a wand of acid (10/15)
 O - a wand of iceblast (4/15)
Scrolls
 a - 2 scrolls of blinking
 e - a scroll of fog
 h - 2 scrolls of remove curse
 m - 2 scrolls of teleportation
 q - a scroll of fear
 R - a scroll of enchant armour
Potions
 b - 3 potions of flight
 j - 4 potions of cancellation
 k - a potion of mutation {unknown}
 n - a potion of resistance {unknown}
 o - a potion of ambrosia {unknown}
 s - a potion of beneficial mutation {unknown}
 t - a potion of invisibility
 D - 2 potions of degeneration {unknown}
 F - 4 potions of curing
 I - a potion of lignification {unknown}
 Q - a potion of might
Miscellaneous
 f - a disc of storms
Comestibles
 c - a chunk of flesh
 r - 28 fruits
 x - a beef jerky
 z - a meat ration
 T - 3 bread rations
 X - 2 royal jellies


   Skills:
 - Level 9.6 Fighting
 + Level 19.6 Axes
 - Level 6.3 Armour
 - Level 4.6 Dodging


You had 13 spell levels left.
You didn't know any spells.

Dungeon Overview and Level Annotations

Branches:
Dungeon (12/15)              Lair (6/6) D:10          Swamp (4/4) Lair:4
 Spider (0/4) Lair:3        Slime (0/5) Lair:5          Orc (2/2) D:11
    Elf (1/3) Orc:2
 Temple: D:4-7

Altars:
Ashenzari
Cheibriados
Hepliaklqana
Uskayaw
Zin

Shops:
D:5 !   D:11 [   Orc:2 =[[=%


Innate Abilities, Weirdness & Mutations

You have hooves in place of feet.
You regenerate health from kills.
You sometimes gain power by taking damage.
When seriously injured, your bleeding wounds create armour. (AC +6)


Message History

The 15-headed hydra bites you but does no damage.
The 15-headed hydra closely misses you.
The 15-headed hydra bites you but does no damage.
The 15-headed hydra bites you! x2
The 15-headed hydra bites you but does no damage.
The 15-headed hydra bites you!
* * * LOW HITPOINT WARNING * * *
The 15-headed hydra bites you.
* * * LOW HITPOINT WARNING * * *
The 15-headed hydra bites you.
* * * LOW HITPOINT WARNING * * *
The 15-headed hydra bites you.
* * * LOW HITPOINT WARNING * * *
The 15-headed hydra barely misses you.
The 15-headed hydra bites you but does no damage. x2
The 15-headed hydra bites you!
* * * LOW HITPOINT WARNING * * *
The spriggan druid gestures at you while chanting.
The stone arrow hits you!
You die...

**♣♣♣....#.♣*≈≈≈♣*≈
♣♣#♣♣♣≈♣♣.(≈.♣*♣#≈≈♣≈≈
♣♣≈..♣.≈≈≈..♣♣♣≈...#≈≈≈
♣♣≈..........♣♣♣≈≈..≈≈,≈
♣.§...#.≈.≈...♣≈......≈,
♣................≈≈#,,,,
*♣...≈≈§....≈.≈....≈.≈,, ♣♣♣
*♣...≈D[..≈≈.≈≈......,,
♣♣≈♣♣♣♣.≈..@i≈..≈≈..≈≈....,,
♣.≈.≈....♣≈.k.≈≈≈....≈....,,
♣♣..≈....≈.≈...≈≈.......§.,, ♣♣♣
♣♣.♣≈≈≈≈≈≈....≈.≈.≈≈..≈≈.≈.,,
≈.♣♣♣≈.≈≈≈..≈................≈.,≈
≈≈≈)†.†≈...≈≈....$..≈≈≈...≈.,,≈,≈
≈≈.).≈..≈.♣♣..≈.≈.≈≈≈.≈≈.♣.,,,,,,
.≈≈)♣♣♣†.♣♣≈≈≈..≈≈k.≈.§≈≈≈*≈,,,,,
.≈.♣♣ ♣.≈.≈...≈..§.§..≈≈≈****≈,≈*


You could see a 15-headed hydra, a spriggan druid and 2 swamp drakes.

Vanquished Creatures
  The ghost of Slowdrip the Fighter, a journeyman VSBe of Trog (Orc:1)
  5 dire elephants (Lair:6)
  Harold (Orc:1)
  9 hydras
  Erolcha (Orc:1)
  An anaconda (Lair:6)
  5 death yaks (Lair:6)
  2 alligators
  3 orc high priests (Orc:2)
  A sixfirhy (Elf:1)
  2 swamp dragons (Swamp:4)
  2 spriggan druids
  A hill giant (D:6)
  6 orc knights
  3 orc sorcerers (Orc:2)
  9 elephants
  7 black mambas
  2 torpor snails (Lair:2)
  9 spiny frogs
  3 rime drakes
  A gargoyle (D:10)
  4 komodo dragons
  3 trolls
  A polar bear (Lair:6)
  3 slime creatures (Swamp:4)
  12 blink frogs
  6 hippogriffs
  3 bog bodies
  A tarantella (Lair:3)
  2 spriggans (Swamp:4)
  A wraith (D:9)
  2 wyverns
  24 yaks
  2 vampire mosquitoes
  9 wargs
  6 swamp worms
  10 insubstantial wisps
  24 orc warriors
  18 water moccasins
  4 swamp drakes
  Duvessa (D:5)
  4 porcupines
  A black bear (D:8)
  A sky beast (D:8)
  An eye of draining (D:9)
  4 ogres
  5 wolves (Lair:3)
  3 centaurs
  4 crocodiles
  A big kobold (D:9)
  Blork the orc (D:4)
  12 bullfrogs
  Dowan (D:5)
  2 scorpions
  4 killer bees (D:11)
  An electric eel (Lair:2)
  11 wights
  A howler monkey (D:8)
  4 crimson imps
  A bullfrog zombie (D:6)
  15 orc priests
  2 hounds
  2 jellies (D:10)
  20 orc wizards
  2 bullfrog skeletons
  2 iguanas
  7 worker ants
  A howler monkey zombie (D:10)
  12 adders
  3 gnolls (Orc:2)
  4 river rats
  A shadow imp (D:11)
  12 white imps (Lair:5)
  An adder zombie (D:8)
  2 adder skeletons
  A leopard gecko (D:5)
  63 orcs
  A ball python (D:2)
  4 giant cockroaches
  2 goblins (D:2)
  2 hobgoblins
  A quokka (D:5)
  12 bats
  2 frilled lizards
  6 kobolds
  8 rats (D:10)
  9 fungi
  3 plants (Lair:6)
472 creatures vanquished.

Vanquished Creatures (collateral kills)
  An orc warlord (Orc:2)
  A troll (Orc:2)
  An orc warrior (Orc:2)
  An ogre (D:11)
4 creatures vanquished.

Vanquished Creatures (others)
  A hydra (Swamp:1)
  2 bushes (D:8)
  8 fungi
  10 plants
21 creatures vanquished.

Grand Total: 497 creatures vanquished

Notes
Turn   | Place    | Note
-------+----------+-------------------------------------------
     0 | D:1      | brucemayne the Demonspawn Berserker began the quest for the Orb.
     0 | D:1      | Reached XP level 1. HP: 18/18 MP: 1/1
   121 | D:2      | Reached skill level 3 in Axes
   121 | D:2      | Gained mutation: You regenerate a little health from kills. [demonic ancestry]
   121 | D:2      | Reached XP level 2. HP: 8/24 MP: 2/2
   236 | D:2      | Found a shattered altar of Ashenzari.
   340 | D:3      | Noticed a bullfrog
   343 | D:3      | Gained mutation: You sometimes gain a little power by taking damage. [demonic ancestry]
   343 | D:3      | Reached XP level 3. HP: 26/29 MP: 3/3
   344 | D:3      | Killed a bullfrog
   344 | D:3      | Reached skill level 4 in Axes
   344 | D:3      | Gained mutation: You sometimes gain power by taking damage. [demonic ancestry]
   344 | D:3      | Reached XP level 4. HP: 20/35 MP: 4/4
   533 | D:3      | Reached ** piety under Trog
   546 | D:3      | Reached skill level 5 in Axes
   637 | D:4      | Gained mutation: You have large cloven feet. [demonic ancestry]
   637 | D:4      | Reached XP level 5. HP: 27/41 MP: 5/5
   708 | D:4      | Noticed Blork the orc
   727 | D:4      | Killed Blork the orc
   825 | D:4      | Reached skill level 6 in Axes
   854 | D:4      | Gained mutation: You have hoof-like feet. [demonic ancestry]
   854 | D:4      | Reached XP level 6. HP: 38/47 MP: 6/6
   872 | D:5      | Entered Level 5 of the Dungeon
  1093 | D:5      | Noticed Duvessa
  1095 | D:5      | Noticed Dowan
  1107 | D:5      | Killed Duvessa
  1107 | D:5      | Reached skill level 7 in Axes
  1110 | D:5      | Killed Dowan
  1110 | D:5      | Gained mutation: You have hooves in place of feet. [demonic ancestry]
  1110 | D:5      | Reached XP level 7. HP: 43/52 MP: 7/7
  1123 | D:5      | Found Dehawania's Distillery.
  1131 | D:5      | Bought a potion of heal wounds for 55 gold pieces
  1171 | D:6      | Noticed a hill giant
  1181 | D:6      | Killed a hill giant
  1181 | D:6      | Reached skill level 9 in Axes
  1181 | D:6      | Gained mutation: When seriously injured, your bleeding wounds create armour. (AC +6) [demonic ancestry]
  1181 | D:6      | Reached XP level 8. HP: 58/58 MP: 8/8
  1582 | D:8      | Reached skill level 10 in Axes
  1589 | D:8      | Reached *** piety under Trog
  1726 | D:8      | Reached skill level 11 in Axes
  1730 | D:8      | Reached XP level 9. HP: 52/63 MP: 9/9
  2039 | D:8      | Noticed a centaur warrior
  2039 | D:8      | Noticed a jumping spider
  2040 | D:8      | Noticed a komodo dragon
  2043 | D:8      | HP: 3/63 [centaur warrior/arrow (21)]
  2211 | D:9      | Found a hazy altar of Hepliaklqana.
  2336 | D:9      | Reached skill level 12 in Axes
  2399 | D:10     | Entered Level 10 of the Dungeon
  2475 | D:9      | Found a hide-covered altar of Uskayaw.
  2739 | D:11     | Noticed a six-headed hydra
  2757 | D:10     | Noticed a gargoyle
  2778 | D:10     | Killed a gargoyle
  2908 | D:10     | Found a glowing silver altar of Zin.
  3025 | D:10     | Noticed a troll
  3030 | D:10     | Killed a troll
  3030 | D:10     | Reached **** piety under Trog
  3030 | D:10     | Reached XP level 10. HP: 64/71 MP: 10/10
  3058 | D:10     | Found a staircase to the Lair.
  3125 | D:11     | Found Ameu's Antique Armour Boutique.
  3125 | D:11     | Noticed a six-headed hydra
  3320 | D:11     | Found a staircase to the Orcish Mines.
  3339 | Orc:1    | Entered Level 1 of the Orcish Mines
  3355 | Orc:1    | Reached skill level 5 in Fighting
  3375 | Orc:1    | Noticed Erolcha
  3385 | Orc:1    | Killed Erolcha
  3461 | Orc:2    | Entered Level 2 of the Orcish Mines
  3467 | Orc:2    | Reached skill level 5 in Armour
  3478 | Orc:2    | Noticed an orc warlord
  3496 | Orc:2    | Killed an orc warlord
  3496 | Orc:2    | Reached XP level 11. HP: 84/84 MP: 11/11
  3538 | Orc:2    | Found a staircase to the Elven Halls.
  3605 | Orc:1    | Noticed Harold
  3616 | Orc:1    | Killed Harold
  3616 | Orc:1    | Reached skill level 13 in Axes
  3618 | Orc:1    | Noticed an orc knight
  3631 | Orc:1    | Reached ***** piety under Trog
  3638 | Orc:1    | Killed an orc knight
  3683 | Orc:1    | Noticed Slowdrip's ghost (journeyman VSBe)
  3701 | Orc:1    | Killed Slowdrip's ghost
  3701 | Orc:1    | Reached skill level 14 in Axes
  3840 | Orc:2    | Found Umosir Vaage's Jewellery Boutique.
  3864 | Orc:2    | Received a gift from Trog
  3882 | Orc:2    | Got a transparent hand axe {god gift}
  3944 | Orc:2    | Noticed an orc knight
  3968 | Orc:2    | Killed an orc knight
  4147 | Orc:2    | Noticed an orc sorcerer
  4164 | Orc:2    | Killed an orc sorcerer
  4186 | Orc:2    | Noticed an orc high priest
  4203 | Orc:2    | Noticed a soul eater
  4203 | Orc:2    | Killed an orc high priest
  4212 | Orc:2    | Noticed an orc sorcerer
  4237 | Orc:2    | Noticed an orc knight
  4257 | Orc:2    | Killed an orc knight
  4305 | Orc:2    | Noticed an orc high priest
  4305 | Orc:2    | Noticed an orc knight
  4341 | Orc:2    | Killed an orc knight
  4341 | Orc:2    | Reached skill level 15 in Axes
  4343 | Orc:2    | Killed an orc high priest
  4343 | Orc:2    | Gained mutation: You regenerate health from kills. [demonic ancestry]
  4343 | Orc:2    | Reached XP level 12. HP: 69/91 MP: 12/12
  4403 | Orc:2    | Noticed an orc high priest
  4422 | Orc:2    | Killed an orc high priest
  4433 | Orc:2    | Found Zarphar's Antique Armour Shop.
  4433 | Orc:2    | Found Tuzej's Armour Shoppe.
  4435 | Orc:2    | Found Ehep's Jewellery Shop.
  4435 | Orc:2    | Found Tixt's Food Shoppe.
  4449 | Orc:2    | Bought the ring "Meho" {+Fly rPois rN+} for 526 gold pieces
  4608 | Orc:2    | Identified the +8 hand axe of Trog's Pride {chop, MR+ Int+4} (Trog gifted it to you on level 2 of the Orcish Mines)
  4641 | Elf:1    | Entered Level 1 of the Elven Halls
  4789 | D:11     | Killed an 11-headed hydra
  4853 | D:11     | Reached skill level 16 in Axes
  4965 | Lair:1   | Entered Level 1 of the Lair of Beasts
  5261 | Lair:1   | Noticed a six-headed hydra
  5271 | Lair:1   | Killed a nine-headed hydra
  5271 | Lair:1   | Received a gift from Trog
  5308 | Lair:2   | Got a faintly humming chain mail
  5311 | Lair:2   | Identified the +5 chain mail "Hopux" {Str+3} (You found it on level 2 of the Lair of Beasts)
  5456 | Lair:2   | Found a snail-covered altar of Cheibriados.
  5937 | Lair:4   | Reached XP level 13. HP: 98/98 MP: 13/13
  6312 | Lair:5   | Found a staircase to the Slime Pits.
  6334 | Lair:5   | Reached skill level 17 in Axes
  6577 | Lair:3   | Found a hole to the Spider Nest.
  6912 | Lair:5   | Found a frozen archway.
  6951 | Lair:4   | Found a staircase to the Swamp.
  7040 | Lair:6   | Entered Level 6 of the Lair of Beasts
  7053 | Lair:6   | Received a gift from Trog
  7076 | Lair:6   | Reached skill level 18 in Axes
  7590 | Lair:6   | Reached XP level 14. HP: 67/108 MP: 14/14
  7860 | Swamp:1  | Entered Level 1 of the Swamp
  7901 | Swamp:1  | Reached skill level 19 in Axes
  8095 | Swamp:4  | Entered Level 4 of the Swamp
  8380 | Swamp:4  | Got a fine battleaxe
  8381 | Swamp:4  | Identified the +9 battleaxe "Hit Hunoe" {speed, rPois MR+++ Str+5 Dex-3} (You found it on level 4 of the Swamp)
  8419 | Swamp:4  | Killed from afar by a spriggan druid

Vault maps used:
D:1:      shiori_arrival_elements
D:2:      ashenzari_altar_1, chequers_big_river
D:3:      marbit_many_paths, first_bread
D:4:      gammafunk_temple_overflow_claw, uniq_blork_the_orc
D:5:      serial_shops, shop, uniq_duvessa
D:7:      basic_altar
D:8:      minmay_klotski, uniq_gastronok
D:9:      lemuel_crystal_altar, lemuel_doored_altar, kennysheep_vampire_church
D:10:     grunt_lair_entry_orc_guard_hut, basic_altar
D:11:     orc_0_dummy, serial_shops, nicolae_shop_waterfront
D:12:     kennysheep_funnel, serial_shops, kennysheep_mini, shop,
          blue_anna_alchemist, uniq_urug
Lair:1:   grunt_megastairs_3, infiniplex_staircase_pool_2
Lair:2:   minmay_lair_oklob_tunnel, serial_bayou_ford_a, minivault_27,
          minivault_26, ldierk_geyser, bh_chokoban, kennysheep_snail_temple,
          lemuel_fruit_fields
Lair:3:   spider_nest_entry_rubble, grunt_forest_large_clearings
Lair:4:   minmay_guarded_unrand_snakebite, minmay_swamp_entry_reptiles,
          lemuel_fruit_tree, grunt_megastairs_2, serial_bayou_shore_b
Lair:5:   lemuel_ratsnest, slime_dummy, portal_ice_cave_entry_imps, pond,
          serial_bayou_shore_a, uniq_rupert
Lair:6:   due_jungle_book
Swamp:1:  cheibrodos_swamp_tower_of_moss, evilmike_swamp_ruin_rubble_1,
          uniq_roxanne
Swamp:2:  evilmike_swamp_ruin_wall
Swamp:3:  hangedman_swamp_blocks
Swamp:4:  swamp_old_school
Orc:1:    uniq_erolcha, uniq_harold
Orc:2:    grunt_orc_tribal_feast, serial_shops, shop, nicolae_orc_jurassic_orc
Elf:1:    minmay_shoctagon, serial_shops, shop_statue, hangedman_elf_represent

Skill      XL: |  1  2  3  4  5  6  7  8  9 10 11 12 13 14 |
---------------+-------------------------------------------+-----
Axes           | 3 4 5 6 7 9 11 12 15 16 18 19 | 19.6
Armour         | 2 6 |  6.3
Fighting       | 4 7 9 |  9.6
Dodging        | 4 |  4.6

Action                   |  1- 3 |  4- 6 |  7- 9 | 10-12 | 13-15 || total
-------------------------+-------+-------+-------+-------+-------++-------
Melee: Hand axe          |    40 |    30 |       |       |       ||    70
       War axe           |       |    68 |   263 |   670 |    74 ||  1075
       Kick              |       |    19 |    82 |   238 |   174 ||   513
       Executioner's axe |       |       |       |       |   409 ||   409
Throw: Throwing net      |       |       |       |       |     1 ||     1
Invok: Berserk           |     4 |     4 |     9 |     8 |     9 ||    34
       Trog's Hand       |       |     3 |     1 |     5 |     8 ||    17
       Brothers in Arms  |       |       |       |     2 |     2 ||     4
 Abil: Evoke Flight      |       |       |       |       |     1 ||     1
Evoke: Wand              |       |       |       |     4 |     3 ||     7
  Use: Scroll            |       |     3 |     4 |    12 |    12 ||    31
       Potion            |       |       |     1 |       |     2 ||     3
 Stab: Paralysed         |       |       |       |     2 |       ||     2
  Eat: Chunk             |     1 |     6 |     3 |    16 |    15 ||    41
       Fruit             |       |     2 |     1 |     2 |     4 ||     9
       Meat ration       |       |       |     1 |       |     1 ||     2
       Bread ration      |       |       |     3 |       |       ||     3
       Pizza             |       |       |       |     1 |     1 ||     2
       Beef jerky        |       |       |       |       |     2 ||     2
Armor: Animal skin       |     9 |     1 |       |       |       ||    10
       Ring mail         |       |     3 |       |       |       ||     3
       Leather armour    |       |     1 |       |       |       ||     1
       Chain mail        |       |    41 |   102 |       |       ||   143
       Plate armour      |       |       |    27 |   338 |   518 ||   883
Dodge: Dodged            |    19 |    42 |    98 |   249 |   335 ||   743
